 Dungeon Crawl Stone Soup version 0.28.0 (webtiles) character file.

Game seed: 17968742504920131040

3056 Minsecho the Basher (level 9, -5/79 HPs)
             Began as a Hill Orc Fighter on Feb 10, 2022.
             Was a Priest of Okawaru.
             Slain by an orc warrior (7 damage)
             ... on level 7 of the Dungeon.
             The game lasted 00:14:59 (7491 turns).

Minsecho the Basher (Hill Orc Fighter)              Turns: 7491, Time: 00:15:00

Health: -5/79      AC: 11    Str: 21    XL:     9   Next: 87%
Magic:  0/9        EV: 14    Int:  8    God:    Okawaru [***...]
Gold:   29         SH:  5    Dex: 12    Spells: 8/8 levels left

rFire   . . .      SeeInvis .   d - +0 morningstar
rCold   . . .      Faith    .   c - +0 buckler
rNeg    . . .      Spirit   +   b - +0 scale mail
rPois   .          Reflect  .   e - +0 helmet
rElec   .          Harm     .   A - +0 cloak
rCorr   +          Rampage  .   v - +0 pair of gloves
Will    .....                   (no boots)
Stlth   ..........              z - amulet of guardian spirit
HPRegen 0.23/turn               i - ring of resist corrosion
MPRegen 0.11/turn               x - +4 ring of evasion

@: about to teleport, on berserk cooldown, slowed, studying Maces & Flails, very
slow
A: no striking features
a: Renounce Religion, Heroism


You were on level 7 of the Dungeon.
You worshipped Okawaru.
Okawaru was most pleased with you.
You visited 2 branches of the dungeon, and saw 8 of its levels.

You collected 403 gold pieces.
You spent 374 gold pieces at shops.

Inventory:

Hand Weapons
 a - a +0 war axe
 d - a +0 morningstar (weapon)
 f - a +0 whip of flaming
 k - a +2 vampiric spear
Missiles
 h - 5 javelins (quivered)
Armour
 b - a +0 scale mail (worn)
 c - a +0 buckler (worn)
 e - a +0 helmet (worn)
 v - a +0 pair of gloves (worn)
 y - a +0 ring mail of fire resistance
 A - a +0 cloak (worn)
Jewellery
 i - a ring of resist corrosion (left hand)
 j - an amulet of magic regeneration
 x - a +4 ring of evasion (right hand)
 z - an amulet of guardian spirit (around neck)
Scrolls
 g - a scroll of teleportation
 n - 2 scrolls of enchant weapon
 o - 3 scrolls of immolation
 p - a scroll of summoning
 q - a scroll of fog
 r - a scroll of magic mapping
 s - a scroll of brand weapon
 t - a scroll of noise {unknown}
 u - a scroll of torment
 w - a scroll of amnesia
 C - 2 scrolls of enchant armour {unknown}
 E - a scroll of blinking {unknown}
Potions
 l - a potion of cancellation
 m - 2 potions of flight
 B - a potion of attraction
 D - a potion of berserk rage
 F - 2 potions of might
 G - a potion of mutation
 H - a potion of curing
 I - a potion of haste
 J - a potion of lignification {unknown}
 K - a potion of invisibility {unknown}


   Skills:
 + Level 7.1 Fighting
 - Level 7.0(11.4) Axes
 + Level 11.9(12.4) Maces & Flails
 + Level 0.2 Throwing
 + Level 7.3 Armour
 + Level 2.7 Dodging
 + Level 1.1 Stealth
 + Level 5.1 Shields
 + Level 1.3 Evocations


You had 8 spell levels left.
You didn't know any spells.
Your spell library contained the following spells:

 Spells                   Type           Power      Damage    Failure   Level
 Inner Flame              Hex/Fire       0%         N/A       99%         3
 Portal Projectile        Hex/Tloc       0%         N/A       99%         3
 Cause Fear               Hex            0%         N/A       100%        4
 Blade Hands              Tmut           0%         N/A       100%        5
 Excruciating Wounds      Necr           0%         N/A       100%        5
 Discord                  Hex            0%         N/A       100%        8
 Summon Small Mammal      Summ           Unusable   N/A       N/A         1
 Call Canine Familiar     Summ           Unusable   N/A       N/A         3
 Summon Guardian Golem    Hex/Summ       Unusable   N/A       N/A         3

Dungeon Overview and Level Annotations

Branches:
Dungeon (7/15)             Temple (1/1) D:5

Altars:
Cheibriados
Dithmenos
Elyvilon
Fedhas
Gozag
Hepliaklqana
Kikubaaqudgha
Makhleb
Nemelex Xobeh
Okawaru
Ru
Sif Muna
Uskayaw
Vehumet
Wu Jian
Zin
The Shining One

Shops:
D:7 !

Annotations:
D:4 2 runed translucent doors, Golfball's ghost, amateur GrFi
D:7 Harold


Message History

You completely miss the orc priest.
The orc priest is almost dead.
The orc warrior hits you from afar with a +0 glaive!
The orc priest misses you.
You hit the orc priest.
You kill the orc priest!
Okawaru accepts your kill.
The orc warrior hits you from afar with a +0 glaive!
The orc warrior misses you.
Things that are here:
a +0 mace; an orc corpse You barely miss the orc warrior.
The orc wizard gestures wildly while chanting.
The orc wizard flickers and vanishes!
Deactivating autopickup; reactivate with Ctrl-A.
The orc warrior misses you.
You barely miss the orc warrior.
The orc warrior hits you with a +0 glaive!
* * * LOW HITPOINT WARNING * * *
A red film seems to cover your vision as you go berserk!
You feel yourself moving faster!
You feel mighty! The orc warrior misses you.
You closely miss the orc warrior.
The orc warrior hits you with a +0 glaive!
* * * LOW HITPOINT WARNING * * *
You closely miss the orc warrior. You sock the orc warrior!
The orc warrior is heavily wounded.
The orc warrior hits you with a +0 glaive!
* * * LOW HITPOINT WARNING * * *
You barely miss the orc warrior.
The orc warrior is heavily wounded.
You block the orc warrior's attack.
You feel a strong urge to attack something.
You feel your anger nearly subside.
You are no longer berserk.
You are exhausted.
You feel yourself slow down.
As you read the scroll of teleportation, it crumbles to dust.
You feel strangely unstable.
The orc warrior hits you from afar with a +0 glaive!
You die...

....... ##...#
....> ##..# .o.
#.#####..# #)#
#........# #)#
#######.## #.######
#.# ##o##...#####.#
#####...#.........#
#.......@...#######
#.###...##### ##.##
###


You could see an orc warrior.

Vanquished Creatures
  Pikel (D:6)
  4 water moccasins
  Duvessa (D:7)
  A sky beast (D:6)
  4 black bears
  An orc warrior (D:4)
  2 ice beasts
  2 centaurs (D:6)
  A phantom (D:5)
  A bullfrog (D:4)
  A scorpion (D:4)
  A water moccasin zombie (D:5)
  2 water moccasin skeletons (D:4)
  Dowan (D:7)
  3 killer bees (D:7)
  A jelly (D:6)
  2 orc priests
  2 centaur skeletons
  3 hounds
  Crazy Yiuf (D:7)
  6 iguanas
  3 orc wizards
  A hound skeleton (D:4)
  3 gnolls (D:6)
  9 adders
  A shadow imp (D:6)
  A white imp (D:5)
  An ufetubus (D:5)
  An adder skeleton (D:4)
  A worm (D:3)
  16 orcs
  8 ball pythons
  4 bats
  2 endoplasms (D:1)
  2 giant cockroaches
  8 goblins
  9 hobgoblins
  A quokka (D:1)
  A frilled lizard (D:2)
  4 kobolds
  5 rats
122 creatures vanquished.

Notes
Turn   | Place    | Note
-------+----------+-------------------------------------------
     0 | D:1      | Minsecho the Hill Orc Fighter began the quest for the Orb.
     0 | D:1      | Reached XP level 1. HP: 19/19 MP: 1/1
   320 | D:1      | Reached XP level 2. HP: 21/27 MP: 2/2
   890 | D:1      | Found a faded altar of an unknown god.
  1231 | D:2      | Reached XP level 3. HP: 33/33 MP: 3/3
  2076 | D:3      | Reached XP level 4. HP: 40/40 MP: 4/4
  2140 | D:3      | Found an ornate altar of the Wu Jian Council.
  2411 | D:4      | Found a glowing golden altar of the Shining One.
  2516 | D:4      | Reached XP level 5. HP: 41/47 MP: 5/5
  2653 | D:4      | Reached skill level 5 in Axes
  2706 | D:4      | Reached skill level 1 in Dodging
  2706 | D:4      | Reached XP level 6. HP: 53/53 MP: 6/6
  2762 | D:4      | Found a runed translucent door.
  2763 | D:4      | Noticed Golfball's ghost (amateur GrFi)
  2978 | D:4      | Noticed a black bear
  2984 | D:4      | Killed a black bear
  3262 | D:4      | Noticed an orc warrior
  3269 | D:4      | Killed an orc warrior
  3270 | D:4      | Reached XP level 7. HP: 43/60 MP: 7/7
  3281 | D:4      | Reached skill level 5 in Fighting
  3281 | D:4      | Reached skill level 5 in Armour
  3467 | D:4      | Found a runed translucent door.
  3635 | D:5      | Entered Level 5 of the Dungeon
  3668 | D:5      | Found a staircase to the Ecumenical Temple.
  3675 | D:5      | Found a shadowy altar of Dithmenos.
  3697 | Temple   | Entered the Ecumenical Temple
  3804 | Temple   | Became a worshipper of Warmaster Okawaru
  3871 | D:5      | Reached skill level 1 in Maces & Flails
  3900 | D:5      | Reached skill level 2 in Maces & Flails
  4104 | D:5      | Reached skill level 3 in Maces & Flails
  4292 | D:5      | Reached skill level 4 in Maces & Flails
  4292 | D:5      | Reached XP level 8. HP: 50/69 MP: 8/8
  4298 | D:5      | Reached * piety under Okawaru
  4299 | D:5      | Reached skill level 5 in Maces & Flails
  4442 | D:5      | Found a burning altar of Makhleb.
  4485 | D:5      | Reached skill level 6 in Maces & Flails
  4988 | D:6      | Reached skill level 7 in Maces & Flails
  4999 | D:6      | Reached skill level 1 in Stealth
  5120 | D:6      | Found a radiant altar of Vehumet.
  5285 | D:6      | Reached skill level 8 in Maces & Flails
  5662 | D:6      | Reached skill level 9 in Maces & Flails
  5662 | D:6      | Reached XP level 9. HP: 75/75 MP: 9/9
  5663 | D:6      | Reached ** piety under Okawaru
  5719 | D:5      | Reached skill level 10 in Maces & Flails
  6114 | D:6      | Found a white marble altar of Elyvilon.
  6228 | D:6      | Reached skill level 5 in Shields
  6466 | D:7      | Noticed Pikel
  6481 | D:6      | Killed Pikel
  6482 | D:6      | Reached skill level 11 in Maces & Flails
  6665 | D:7      | Noticed Duvessa
  6665 | D:7      | Noticed Dowan
  6670 | D:7      | Killed Duvessa
  6671 | D:7      | Reached skill level 1 in Evocations
  6677 | D:7      | Killed Dowan
  6766 | D:7      | Reached *** piety under Okawaru
  6915 | D:7      | Noticed Harold
  7145 | D:7      | Found a runed translucent door.
  7146 | D:7      | Noticed Crazy Yiuf
  7151 | D:7      | Killed Crazy Yiuf
  7263 | D:7      | Found Qyozoasch's Distillery.
  7270 | D:7      | Bought a potion of might for 44 gold pieces
  7270 | D:7      | Bought a potion of berserk rage for 55 gold pieces
  7270 | D:7      | Bought a potion of mutation for 88 gold pieces
  7270 | D:7      | Bought a potion of curing for 33 gold pieces
  7270 | D:7      | Bought a potion of haste for 110 gold pieces
  7270 | D:7      | Bought a potion of might for 44 gold pieces
  7408 | D:7      | Found a blossoming altar of Fedhas.
  7485 | D:7      | HP: 2/118 [orc warrior (10)]
  7491 | D:7      | Slain by an orc warrior

Illustrated notes

Levels and vault maps discovered:
D:1:      scummos_arrival_checkerplants, layout_basic,
          shapermc_ecumenical_altar_mp_ritualfount
D:2:      layout_rooms
D:3:      layout_basic, pdpol_wu_jian_five_deadly_venoms
D:4:      black_bear_nest_2, layout_basic,
          mainiacjoe_overflow_concentric_impassable, ebering_ghost_sewer_f,
          minmay_manual_monstrance
D:5:      layout_gridville, lemuel_round_altar, nicolae_dithmenos_shadow_blocks,
          minmay_temple_entry_ruins
D:6:      layout_loops_cross, lemuel_coloured_pillars_altar,
          kennysheep_little_box, minmay_bent
D:7:      nicolae_BIG_FREAKIN_CUBE, layout_loops_corners, fedhas_ov_isle_minmay,
          serial_shops, nicolae_shop_stone, uniq_harold,
          uniq_crazy_yiuf_cottage, uniq_pikel, uniq_duvessa
Temple:   cyrus_temple_forest

Skill      XL: |  1  2  3  4  5  6  7  8  9 |
---------------+----------------------------+-----
Axes           | 3 4 5 6 7 |  7.0
Fighting       | 4 5 6 7 |  7.1
Shields        | 4 5 |  5.1
Armour         | 4 5 6 7 |  7.3
Dodging        | 1 2 |  2.7
Maces & Flails | 4 9 11 | 11.9
Stealth        | 1 |  1.1
Evocations     | 1 |  1.3
Throwing       | |  0.2

Action                   |  1- 3 |  4- 6 |  7- 9 || total
-------------------------+-------+-------+-------++-------
Melee: War axe           |   129 |    83 |    11 ||   223
       Morningstar       |       |       |   267 ||   267
Throw: Javelin           |       |       |     2 ||     2
Evoke: Wand              |       |       |     7 ||     7
  Use: Scroll            |     3 |     3 |    11 ||    17
       Potion            |       |     3 |     2 ||     5
Armor: Scale mail        |    71 |    46 |   131 ||   248
Dodge: Dodged            |    79 |    41 |   143 ||   263
Block: Buckler           |    33 |    20 |    62 ||   115
